Map: Acropolis LE

Players

Jahh

  • Race: Zerg Zerg
  • League: Platinum
  • Spawn Location: 5:00

Woah - Winner!

  • Race: Terran Terran
  • Spawn Location: 11:00

VOD

Have the link to the VOD?

Description

Time

  • Played on: June 10, 2019, 11:21 a.m.
  • Length: 20:29
Show
View Real Time Build Order
Export as new Build Order

Jahh Zerg 

Build Orders: Hatch First 

Get SALT Encoding   

  12  0:01  Drone  
  13  0:12  Drone  
  14  0:18  Overlord  
  14  0:43  Hatchery, Drone  
  14  0:47  Extractor  
  13  0:50  Drone  
  14  0:58  Drone x2  
  16  1:10  Drone  
  17  1:20  Spawning Pool  
  16  1:28  Drone  
  16  1:30  Drone  
  18  1:37  Drone  
  19  1:51  Overlord  
  19  2:07  Queen  
  21  2:08  Queen  
  21  2:12  Drone x2  
  24  2:23  Zergling x4  
  24  2:24  Zergling x2  
  24  2:29  Metabolic Boost  
  27  2:41  Drone  
  28  2:45  Queen  
  28  2:50  Drone x2  
  32  3:13  Drone x2  
  32  3:17  Hatchery  
  32  3:18  Overlord  
  33  3:23  Overlord  
  33  3:28  Drone x2  
  35  3:41  Overlord  
  35  3:42  Drone  
  35  3:43  Drone x2  
  38  3:50  Drone  
  38  3:51  Drone x2  
  41  3:59  Drone x2  
  41  4:00  Drone  
  41  4:02  Baneling Nest  
  43  4:07  Queen  
  43  4:09  Drone  
  46  4:19  Extractor  
  46  4:20  Lair  
  46  4:21  Extractor  
  44  4:28  Queen  
  46  4:32  Drone  
  46  4:33  Drone x5  
  52  4:48  Drone x2  
  52  4:49  Drone x3  
  57  4:54  Zergling x2  
  57  4:55  Zergling x6  
  60  5:07  Baneling  
  60  5:08  Baneling  
  60  5:15  Overlord x2  
  56  5:36  Zergling x12  
  62  5:57  Hatchery  
  61  5:58  Centrifical Hooks, Baneling x5  
  61  6:03  Nydus Network  
  60  6:10  Baneling x3  
  60  6:11  Baneling  
  60  6:14  Extractor  
  60  6:16  Hatchery  
  58  6:19  Zergling x4  
  58  6:20  Zergling x8  
  58  6:24  Baneling, Zergling x2  
  58  6:25  Queen, Zergling x12  
  70  6:26  Queen  
  73  6:40  Zergling x4  
  75  6:47  Hydralisk Den  
  74  7:04  Drone  
  74  7:20  Queen  
  76  7:23  Pneumatized Carapace  
  76  7:25  Overlord x2  
  76  7:26  Overlord x2  
  76  7:32  Drone x6  
  82  7:39  Hatchery  
  81  7:46  Overlord x2  
  81  7:55  Hydralisk x4  
  81  7:56  Hydralisk x2  
  93  8:00  Drone  
  94  8:10  Hydralisk x5  
  99  8:37  Hydralisk x5  
  99  8:38  Hydralisk x4  
  99  8:41  Drone x6  
  123  8:56  Extractor  
  123  8:58  Extractor, Drone x3  
  123  9:02  Evolution Chamber  
  123  9:04  Evolution Chamber  
  122  9:18  Zergling x2  
  122  9:19  Zergling x22  
  122  9:23  Overlord  
  134  9:25  Overseer  
  134  9:41  Queen  
  136  9:55  Baneling  
  136  9:56  Baneling x15  
  136  9:59  Zerg Missile Weapons Level 1, Zerg Ground Armor Level 1  
  136  10:05  Infestation Pit  
  130  10:25  Grooved Spines  
  122  11:19  Zergling x2  
  122  11:20  Zergling x30  
  138  11:26  Overlord x2  
  138  11:27  Overlord x2  
  138  11:41  Hatchery  
  138  11:42  Drone  
  138  11:49  Baneling x2  
  138  11:50  Baneling x7  
  138  11:51  Baneling  
  138  11:57  Nydus Canal  
  138  12:02  Drone  
  138  12:03  Drone x7  
  138  12:04  Drone x2  
  148  12:09  Zerg Ground Armor Level 2, Zerg Missile Weapons Level 2  
  107  12:51  Queen  
  107  12:54  Queen  
  111  13:00  Hatchery  
  110  13:07  Muscular Augments  
  110  13:19  Zergling x2  
  112  13:20  Zergling x14  
  112  13:23  Baneling x4  
  112  13:24  Baneling x4  
  118  13:32  Spore Crawler  
  117  13:35  Spore Crawler x2  
  110  14:27  Hatchery  
  109  14:35  Hatchery  
  108  14:53  Drone x2  
  110  15:12  Lair  
  102  15:36  Hydralisk x4  
  102  15:37  Hydralisk x4  
  102  15:39  Zergling x10  
  102  15:40  Zergling x16  
  102  15:41  Zergling x14  
  102  15:42  Zergling x4  
  140  15:46  Spore Crawler  
  140  15:47  Queen  
  131  16:55  Hydralisk, Zergling x2  
  131  16:56  Hydralisk x3, Zergling x12  
  131  16:57  Baneling  
  131  16:58  Baneling x7  
  131  16:59  Baneling x5  
  146  17:09  Zergling x6  
  146  17:10  Zergling x14  
  146  17:11  Overlord x3, Zergling x8  
  160  17:26  Nydus Canal  
  151  17:47  Overlord  
  150  18:11  Hydralisk x4, Hatchery, Zergling x12  
  150  18:12  Hydralisk, Zergling x10  
  168  18:20  Hatchery  
  143  18:39  Zergling x10  
  142  18:52  Overlord  
  125  19:19  Zergling x18  
  125  19:21  Zergling x2  
  125  19:22  Zergling x18  
  144  19:30  Nydus Canal  
  89  19:54  Zergling x2  
  89  19:55  Zergling x30  
Show
View Real Time Build Order
Export as new Build Order

Woah Terran - Winner!

Build Orders: Gas First Reaper Expand 

Get SALT Encoding   

  12  0:01  SCV  
  13  0:13  SCV  
  14  0:17  Supply Depot  
  14  0:28  SCV  
  15  0:31  Refinery  
  15  0:48  Barracks  
  15  0:53  SCV  
  16  1:03  Barracks  
  16  1:05  SCV  
  17  1:20  SCV  
  18  1:36  Reaper  
  18  1:37  Orbital Command  
  19  1:45  Refinery  
  19  1:53  Barracks Reactor  
  19  2:07  SCV  
  20  2:24  Command Center  
  20  2:25  Barracks Tech Lab  
  20  2:29  Supply Depot  
  21  2:30  SCV  
  21  2:40  Marine x2  
  23  2:44  Stimpack  
  23  2:50  SCV, Marine  
  25  3:07  Factory  
  25  3:11  Marine x3  
  28  3:15  SCV  
  29  3:27  SCV  
  30  3:35  Orbital Command  
  30  3:39  Marine x3  
  33  3:44  SCV  
  34  3:51  Starport  
  34  3:52  Factory Reactor  
  34  3:57  Marine  
  34  4:00  Supply Depot  
  35  4:05  SCV  
  35  4:07  Supply Depot  
  35  4:08  SCV  
  37  4:10  Marine  
  37  4:14  Marine  
  37  4:16  Marine  
  40  4:28  Marine  
  40  4:29  Hellion  
  40  4:30  Medivac  
  45  4:32  Marine  
  45  4:37  Engineering Bay  
  46  4:40  Supply Depot  
  41  5:42  SCV x2  
  42  5:46  Combat Shield  
  42  5:52  Barracks x3  
  42  5:53  Barracks  
  42  5:54  SCV x2  
  42  5:57  Engineering Bay  
  44  6:06  SCV x2  
  46  6:15  Marine  
  46  6:16  Marine x2  
  50  6:18  SCV  
  50  6:19  Terran Infantry Weapons Level 1  
  50  6:20  Engineering Bay  
  50  6:33  Marine  
  50  6:39  Marine  
  51  6:40  Marine  
  51  6:41  SCV x2  
  55  6:51  Marine  
  55  6:53  SCV  
  55  6:56  Barracks Tech Lab x2  
  55  6:57  Marine x2, Barracks Reactor x2  
  57  7:02  Refinery x2  
  57  7:03  Terran Infantry Armor Level 1  
  57  7:06  Armory  
  54  7:16  Liberator x2  
  52  7:36  SCV x2  
  60  7:48  SCV  
  61  7:53  Marauder x3, Marine x3  
  61  7:55  Concussive Shells  
  70  8:22  Marauder  
  63  8:32  Marine x2  
  63  8:33  Marine x6  
  66  8:38  SCV x2  
  68  8:43  Medivac  
  70  8:49  Command Center  
  70  8:52  Command Center  
  70  9:07  Terran Infantry Weapons Level 2  
  70  9:12  Factory Reactor  
  70  9:28  SCV, Marauder, Marine x8  
  70  9:30  Supply Depot x2  
  81  9:31  Factory  
  81  9:46  Marine x5  
  81  9:51  Marine x2  
  88  9:59  Marauder, Marine  
  91  10:03  Medivac, Marine x5  
  98  10:09  Marine x2  
  98  10:11  Medivac  
  102  10:17  Marine  
  102  10:20  Marine  
  101  10:21  Marine x5  
  97  11:00  Factory  
  97  11:01  Factory Tech Lab  
  88  11:07  Planetary Fortress  
  88  11:11  Fusion Core  
  88  11:13  Starport x2  
  88  11:15  Terran Infantry Armor Level 2  
  88  11:18  Planetary Fortress  
  88  11:21  Bunker  
  88  11:24  SCV x2  
  90  11:36  SCV x2  
  90  11:38  Terran Infantry Weapons Level 3  
  92  11:48  SCV  
  92  11:49  SCV  
  92  11:50  SCV  
  95  11:55  Supply Depot, Factory Tech Lab  
  95  11:58  Starport Reactor, Starport Tech Lab  
  95  12:00  SCV  
  95  12:01  SCV  
  97  12:02  SCV  
  97  12:04  Siege Tank  
  101  12:12  SCV  
  101  12:13  SCV  
  101  12:14  SCV  
  104  12:24  SCV  
  104  12:25  SCV  
  104  12:26  SCV  
  107  12:37  SCV x2  
  96  12:38  SCV  
  94  12:53  Liberator x2  
  94  13:04  Siege Tank  
  97  13:07  Siege Tank  
  97  13:09  Refinery  
  97  13:10  Refinery  
  106  13:20  Advanced Ballistics  
  106  13:21  Marine  
  106  13:22  Marine x8  
  115  13:35  Command Center  
  115  13:39  Marine  
  115  13:40  Marine x8  
  124  13:53  Siege Tank  
  124  13:54  Siege Tank  
  114  13:57  Marine  
  114  13:58  Marauder x2, Marine x6  
  125  14:07  Widow Mine  
  125  14:08  Widow Mine  
  129  14:15  Marine x6  
  129  14:16  Marauder  
  137  14:17  Supply Depot x2  
  137  14:18  Supply Depot x2  
  137  14:20  Marauder  
  137  14:21  Sensor Tower  
  139  14:33  Marine  
  140  14:39  Marauder x2  
  140  14:41  Marauder  
  140  14:42  Liberator  
  140  14:43  Liberator x2  
  145  15:02  Marine x8  
  145  15:03  Marine  
  163  15:20  Marine x9  
  172  15:23  Terran Infantry Armor Level 3  
  168  15:37  Marine  
  168  15:38  Marine x3  
  172  16:21  Liberator  
  172  16:35  Marine x2  
  172  16:36  Marine x2  
  172  16:38  Marauder, Marine x3  
  158  16:54  Marauder  
  160  17:15  Marauder, Marine  
  166  17:16  Marauder x2, Marine x5  
  166  17:33  Marine  
  166  17:34  Marine x5  
  166  17:36  Marauder  
  172  17:40  Marauder  
  172  17:43  Marauder  
  171  17:51  Marine  
  169  17:52  Marine x2  
  169  17:53  Marine  
  169  17:55  Marine  
  172  18:00  Marine  
  171  18:09  Marine  
  171  18:11  Marine  
  172  18:21  Marine x2  
  172  18:27  Marauder x2  
  171  18:28  Marauder, Marine x3  
  171  18:32  Marine  
  171  18:38  Medivac  
  171  18:39  Marine x2  
  171  18:40  Medivac  
  171  18:42  Medivac  
  172  18:55  Marine  
  172  18:57  Medivac  
  172  18:58  Marauder  
  172  18:59  Marauder  
  172  19:01  Marauder  
  171  19:03  Medivac  
  158  19:19  Marauder  
  158  19:21  Marauder, Command Center  
  158  19:22  Marauder  
  158  19:24  Command Center x2  
  164  19:41  Marauder  
  164  19:42  Marauder  
  149  19:51  Siege Tank x2  
  149  19:52  Marauder, Marine x6  
  128  20:02  Marauder  
  128  20:03  Marauder  
Tags
 
Add a new tag
Caveats
  • Supply blocks, unpowered buildings, or Contaminate may cause inaccurate times.
  • Supply counts are checked every 10 seconds.